[Event "Titled Tuesday Blitz May 2 Early 2023"]
[White "Le, Tuan Minh"]
[Black "Nakamura, Hikaru"]
[WhiteFideId "12401153"]
[BlackFideId "2016192"]
[WhiteElo "2566"]
[BlackElo "2885"]
[Result "0-1"]
[Round "09"]
[TimeControl "180+2"]
[Date "2023.05.02"]
[WhiteClock "0:00:04"]
[BlackClock "0:00:12"]

1. d4 Nf6 2. Nf3 d5 3. Bf4 e6 4. e3 c5 5. c3 Nbd7 6. Nbd2 Nh5 7. Be5 f6 8. Bg3 g6 9. Be2 Nxg3 10. hxg3 cxd4 11. exd4 Nb6 12. O-O Bd7 13. c4 dxc4 14. Nxc4 Nd5 15. Qb3 Bc6 16. Rfe1 Bb4 17. Red1 Be7 18. Rac1 O-O 19. Bf1 Qd7 20. Re1 Bb4 21. Re2 Ba4 22. Qd3 Rac8 23. a3 Be7 24. b3 Bb5 25. Qe4 Bxa3 26. Ra1 Bb4 27. Rxa7 Rfe8 28. Qh4 Ba6 29. Ra2 Rc7 30. g4 g5 31. Qg3 Rec8 32. Qh2 Bf8 33. Ncd2 Nb4 34. Ra1 Nc6 35. R7xa6 bxa6 36. Rxa6 Nb4 37. Ra1 Rc1 38. Rxc1 Rxc1 39. Qb8 Nd5 40. g3 Rc8 41. Qb5 Qxb5 42. Bxb5 Kf7 43. Bc4 Bb4 44. Ne4 Ke7 45. Kg2 Nb6 46. Bd3 h6 47. Ba6 Rc2 48. Bd3 Rb2 49. Bc4 f5 50. gxf5 exf5 51. Nc5 Nxc4 52. bxc4 Bxc5 53. dxc5 Rb4 54. Ne5 Ke6 55. Nd3 Rxc4 56. Kf3 Kd5 57. Ke3 Rc3 58. Ke2 Kd4 59. Ne1 Rxc5 60. Nf3+ Kd5 61. Kf1 Ra5 62. Kg2 Ra2 63. Ne1 Ke4 64. Nf3 Rb2 65. Ne1 g4 66. Kf1 f4 67. gxf4 Rb1 68. Ke2 h5 69. Ng2 Rh1 70. Ne3 Kxf4 71. Nd5+ Kg5 72. f4+ Kf5 73. Kf2 Ra1 74. Kg3 Ra3+ 75. Kg2 h4 0-1


[Site "https://www.chess.com"]

[Event "Titled Tuesday Blitz May 2 Early 2023"]
[White "Maghsoodloo, Parham"]
[Black "Bluebaum, Matthias"]
[WhiteFideId "12539929"]
[BlackFideId "24651516"]
[WhiteElo "2647"]
[BlackElo "2638"]
[Result "1/2-1/2"]
[Round "09"]
[TimeControl "180+2"]
[Date "2023.05.02"]
[WhiteClock "0:00:15"]
[BlackClock "0:00:09"]

1. e4 e6 2. d4 d5 3. exd5 exd5 4. Bd3 Nc6 5. c3 Bd6 6. Nf3 Nge7 7. O-O Bg4 8. b3 Qd7 9. Ba3 O-O-O 10. Bxd6 Qxd6 11. Re1 Ng6 12. Nbd2 Nf4 13. Qc2 Qf6 14. Re3 Nxd3 15. Qxd3 Rde8 16. Rae1 Rxe3 17. Qxe3 Bd7 18. Qg5 Qxg5 19. Nxg5 f6 20. Ngf3 Re8 21. Rxe8+ Bxe8 22. Ne1 Bg6 23. g4 Nd8 24. Ng2 Nf7 25. Ne3 c6 26. f4 Bd3 27. f5 Nd6 28. a4 h5 29. h3 hxg4 30. hxg4 g6 31. fxg6 Bxg6 32. Kf2 Kd7 33. Kg3 Ke6 34. Kf4 Bd3 35. c4 dxc4 36. bxc4 b6 37. c5 Nb7 38. Nb3 Kd7 39. cxb6 axb6 40. Nc1 Bb1 41. Ne2 Nd6 42. Nc3 Bd3 43. d5 c5 44. g5 fxg5+ 45. Kxg5 Ne4+ 46. Nxe4 Bxe4 47. Kf4 Bd3 48. Ke5 b5 49. a5 b4 50. Nd1 Ba6 51. Nb2 Bb5 52. Nd1 c4 53. Kd4 c3 54. Nxc3 bxc3 55. Kxc3 Kd6 56. a6 Bxa6 57. Kb4 Bb7 58. Ka5 Bxd5 1/2-1/2


[Site "https://www.chess.com"]

[Event "Titled Tuesday Blitz May 2 Early 2023"]
[White "Ter-Sahakyan, Samvel"]
[Black "Bortnyk, Olexandr"]
[WhiteFideId "13302531"]
[BlackFideId "14120828"]
[WhiteElo "2566"]
[BlackElo "2734"]
[Result "1/2-1/2"]
[Round "09"]
[TimeControl "180+2"]
[Date "2023.05.02"]
[WhiteClock "0:00:05"]
[BlackClock "0:00:12"]

1. d4 d6 2. c4 e5 3. Nc3 exd4 4. Qxd4 Nc6 5. Qd2 g6 6. b3 Bg7 7. Bb2 Nf6 8. Nf3 O-O 9. e3 Re8 10. Be2 Bf5 11. O-O Ne4 12. Nxe4 Bxe4 13. Rfd1 a5 14. a3 b6 15. Rac1 Qe7 16. Bxg7 Kxg7 17. Qc3+ Qf6 18. Qxf6+ Kxf6 19. Nd2 Bf5 20. Bf3 Bd7 21. Ne4+ Ke7 22. Nc3 Kd8 23. Nd5 Ne5 24. Be2 f5 25. f4 Nc6 26. Bf3 Re6 27. Kf2 Rb8 28. h3 Ne7 29. Nc3 h5 30. g4 hxg4 31. hxg4 fxg4 32. Bxg4 Rf6 33. Bf3 Rf8 34. Rg1 b5 35. c5 dxc5 36. Ne4 c4 37. Nc5 Bf5 38. bxc4 bxc4 39. Rxc4 Rb2+ 40. Kg3 Rh8 41. Rh1 Rxh1 42. Bxh1 Bc2 43. e4 Bb3 44. Rc3 a4 45. Bf3 Ke8 46. Bg4 Ra2 47. Bd7+ Kd8 48. Rd3 c6 49. Be6+ Kc7 50. Bxb3 axb3 51. Rxb3 Kd6 52. Rc3 Ra1 53. a4 Rg1+ 54. Kf2 Rh1 55. a5 Rh2+ 56. Kg3 Ra2 57. a6 Kc7 58. Kg4 Kb6 59. Kg5 Ra5 60. Kf6 Nc8 61. Nd7+ Kc7 62. Ne5 Rxa6 63. Kxg6 Nd6 64. Re3 c5 65. Kg5 Ra4 66. f5 Nxe4+ 67. Kg6 Ra6+ 68. Kg7 Nd6 69. Rf3 c4 70. f6 Ne8+ 71. Kg6 Nxf6 72. Rxf6 Rxf6+ 73. Kxf6 c3 74. Nd3 Kd6 75. Nc1 Kd5 76. Kf5 Kc4 77. Ke4 c2 78. Ke3 Kc3 79. Ne2+ Kb2 80. Kd2 Kb1 81. Nc1 Kb2 82. Nd3+ Kb3 83. Nc1+ Kb2 84. Nd3+ Kb1 85. Nc1 Kb2 1/2-1/2


[Site "https://www.chess.com"]

[Event "Titled Tuesday Blitz May 2 Early 2023"]
[White "Henriquez Villagra, Cristobal"]
[Black "Firouzja, Alireza"]
[WhiteFideId "3409350"]
[BlackFideId "12573981"]
[WhiteElo "2542"]
[BlackElo "2904"]
[Result "0-1"]
[Round "09"]
[TimeControl "180+2"]
[Date "2023.05.02"]
[WhiteClock "0:00:02"]
[BlackClock "0:00:51"]

1. d4 Nf6 2. Nf3 d5 3. Bf4 c5 4. e3 Nc6 5. c3 e6 6. Nbd2 cxd4 7. exd4 Nh5 8. Bg3 g6 9. Bd3 Bh6 10. O-O O-O 11. Qe2 f6 12. b4 Rf7 13. Nb3 b6 14. Rad1 Bd7 15. b5 Ne7 16. c4 dxc4 17. Bxc4 Nd5 18. Bxd5 exd5 19. Rfe1 Rc8 20. Nfd2 Rc2 21. a4 Bf5 22. Rc1 Ra2 23. a5 Nf4 24. Bxf4 Bxf4 25. axb6 axb6 26. Ra1 Rb2 27. g3 Bh6 28. f4 Bf8 29. Qe3 Bb4 30. Re2 Re7 31. Qf3 Rxe2 32. Qxe2 Qd7 33. Ra8+ Kg7 34. Qe3 Bh3 35. Rb8 Qa7 36. Qe8 Rxd2 37. Nxd2 Qa1+ 38. Kf2 Qxd4+ 39. Kf3 Qd3+ 0-1


[Site "https://www.chess.com"]

[Event "Titled Tuesday Blitz May 2 Early 2023"]
[White "Caruana, Fabiano"]
[Black "Nguyen, Ngoc Truong Son"]
[WhiteFideId "2020009"]
[BlackFideId "12401110"]
[WhiteElo "2837"]
[BlackElo "2556"]
[Result "1-0"]
[Round "09"]
[TimeControl "180+2"]
[Date "2023.05.02"]
[WhiteClock "0:01:58"]
[BlackClock "0:00:18"]

1. e4 e5 2. Nf3 Nf6 3. Nxe5 d6 4. Nf3 Nxe4 5. d4 d5 6. Bd3 Bf5 7. O-O Be7 8. Re1 O-O 9. Nbd2 Nd6 10. Bxf5 Nxf5 11. Nf1 c6 12. Qd3 g6 13. Ng3 Nxg3 14. hxg3 Nd7 15. c3 Re8 16. Bf4 Bf6 17. g4 Bg7 18. g5 Qb6 19. b3 a5 20. g3 Nf8 21. Be5 Nd7 22. Bxg7 Kxg7 23. Kg2 h5 24. gxh6+ Kxh6 25. Qd2+ Kg7 26. Qf4 Qd8 27. Rxe8 Qxe8 28. Rh1 Qe4 29. Qh6+ Kf6 30. Rh4 Qe6 31. Rf4+ Ke7 32. Ng5 Qe2 33. Rxf7+ 1-0


[Site "https://www.chess.com"]

[Event "Titled Tuesday Blitz May 2 Early 2023"]
[White "Yu, Yangyi"]
[Black "Shimanov, Aleksandr"]
[WhiteFideId "8603820"]
[BlackFideId "4198603"]
[WhiteElo "2783"]
[BlackElo "2631"]
[Result "0-1"]
[Round "09"]
[TimeControl "180+2"]
[Date "2023.05.02"]
[WhiteClock "0:00:02"]
[BlackClock "0:00:05"]

1. Nf3 d5 2. g3 Nd7 3. d4 Ngf6 4. Bg2 e6 5. O-O Be7 6. c4 O-O 7. Qc2 c6 8. b3 b6 9. Bb2 Bb7 10. Nc3 Ba6 11. Rfd1 Rc8 12. e4 dxc4 13. Nd2 b5 14. bxc4 bxc4 15. Nf1 Nb6 16. Ne3 h6 17. a4 Bb4 18. Na2 Ba5 19. Bc3 Bxc3 20. Nxc3 Qe7 21. Bf1 Rfd8 22. a5 Nbd7 23. Bxc4 Bxc4 24. Nxc4 e5 25. Qe2 exd4 26. Rxd4 Ne5 27. Rxd8+ Rxd8 28. Nxe5 Qxe5 29. Ra3 Qc5 30. Rb3 Qxa5 31. Qc4 Ng4 32. Qe2 Ne5 33. Kg2 Qc5 34. Nb1 a5 35. Rc3 Qd4 36. Rc2 Re8 37. Nd2 a4 38. Nf3 Nxf3 39. Qxf3 Ra8 40. Rxc6 a3 41. Rc7 a2 42. e5 Rf8 43. e6 fxe6 0-1


[Site "https://www.chess.com"]

[Event "Titled Tuesday Blitz May 2 Early 2023"]
[White "Terry, Renato"]
[Black "Andreikin, Dmitry"]
[WhiteFideId "3803457"]
[BlackFideId "4158814"]
[WhiteElo "2575"]
[BlackElo "2736"]
[Result "0-1"]
[Round "09"]
[TimeControl "180+2"]
[Date "2023.05.02"]
[WhiteClock "0:00:03"]
[BlackClock "0:00:05"]

1. e4 c5 2. Nf3 Nc6 3. Nc3 d6 4. Bb5 e5 5. O-O Nf6 6. d3 Be7 7. Nd2 O-O 8. Bxc6 bxc6 9. Nc4 Bg4 10. Qe1 Be6 11. b3 Re8 12. h3 Nd7 13. Ne3 Bf6 14. Qe2 g6 15. Ng4 Bg7 16. Nh6+ Kh8 17. Bd2 Qh4 18. Ng4 f5 19. Nh2 f4 20. f3 Nf6 21. Qf2 Qg5 22. Ne2 Bxh3 23. Kh1 Bd7 24. Rg1 Rf8 25. Rad1 Nh5 26. g4 fxg3 27. Nxg3 Qh4 28. Qe1 Nf4 29. Ba5 Rf6 30. Ne2 Qxe1 31. Rdxe1 Ne6 32. c3 Bh6 33. Ng4 Rxf3 34. Kg2 Raf8 35. Nxh6 Rf2+ 36. Kh1 R8f3 37. Ng3 Nf4 38. Bc7 Kg7 39. Bxd6 Kxh6 40. Bxc5 Rxa2 41. Be3 Bh3 42. d4 Kg7 43. Bxf4 exf4 44. Re2 Rxe2 45. Nxe2 Kf6 46. Re1 g5 47. Ng1 Re3 48. Rxe3 fxe3 49. Kh2 Bg4 50. Kg3 h5 51. c4 a5 52. c5 Ke6 53. Kg2 h4 54. Kh2 e2 0-1


[Site "https://www.chess.com"]

[Event "Titled Tuesday Blitz May 2 Early 2023"]
[White "Van Foreest, Jorden"]
[Black "Vidit, Santosh Gujrathi"]
[WhiteFideId "1039784"]
[BlackFideId "5029465"]
[WhiteElo "2633"]
[BlackElo "2651"]
[Result "0-1"]
[Round "09"]
[TimeControl "180+2"]
[Date "2023.05.02"]
[WhiteClock "0:00:05"]
[BlackClock "0:00:04"]

1. e4 e5 2. Nf3 Nc6 3. Bc4 Bc5 4. d3 Nf6 5. Nc3 a6 6. Be3 d6 7. Bxc5 dxc5 8. Nd5 b5 9. Nxf6+ Qxf6 10. Bd5 Bd7 11. a4 O-O 12. O-O Rab8 13. axb5 axb5 14. Qd2 Ne7 15. Qe3 Qd6 16. Bb3 h6 17. c3 Ra8 18. h3 Ng6 19. Bc2 Rfe8 20. Kh2 Nf4 21. Rfd1 Qg6 22. Ne1 Qd6 23. h4 Bg4 24. f3 Be6 25. g3 Nh5 26. Ng2 b4 27. c4 Reb8 28. Bb3 Nf6 29. Qe2 Rd8 30. Bc2 Qd4 31. Rab1 g6 32. Qe3 c6 33. Qxh6 Qf2 34. Qd2 Qxf3 35. Qe1 b3 36. Bxb3 Rxd3 37. Bc2 Rd4 38. Kg1 Bxc4 39. Qe3 Qxe3+ 40. Nxe3 Be6 41. Rbc1 c4 42. Kf2 Rb8 43. Rb1 Nxe4+ 44. Bxe4 Rxe4 45. Rdc1 Rd4 46. Nf1 Rb3 47. Rc3 Rd3 48. Rxd3 Rxd3 49. Re1 f6 50. Ra1 Rb3 51. Ra2 Bd5 52. Nd2 Rd3 53. Nf1 Kf7 54. Ne3 Ke6 55. Ke2 Rb3 56. Kd2 f5 57. Ke2 f4 58. gxf4 exf4 59. Nc2 Ke5 60. Kd2 Rd3+ 61. Ke1 Rh3 62. Ra8 Rxh4 63. Re8+ Kd6 64. Rf8 g5 65. Nd4 Kc5 66. Ne2 Rh2 67. Rf5 f3 68. Nc3 g4 69. Ne4+ Kd4 70. Nd2 Re2+ 71. Kd1 Ke3 72. Nf1+ Kf2 73. Nd2 Rxd2+ 74. Kxd2 g3 0-1


[Site "https://www.chess.com"]

[Event "Titled Tuesday Blitz May 2 Early 2023"]
[White "Fedoseev, Vladimir"]
[Black "Nagy, Gabor"]
[WhiteFideId "24130737"]
[BlackFideId "737119"]
[WhiteElo "2752"]
[BlackElo "2514"]
[Result "1-0"]
[Round "09"]
[TimeControl "180+2"]
[Date "2023.05.02"]
[WhiteClock "0:00:04"]
[BlackClock "0:00:02"]

1. e4 c5 2. Nf3 e6 3. d4 cxd4 4. Nxd4 a6 5. a3 Bc5 6. Be3 Ba7 7. Nd2 Nf6 8. Bd3 O-O 9. c3 d6 10. O-O Qc7 11. f4 Nbd7 12. Qf3 g6 13. a4 e5 14. fxe5 dxe5 15. Nc2 Bxe3+ 16. Nxe3 b6 17. g4 Bb7 18. Bc4 Kg7 19. h4 Rad8 20. Rf2 Ng8 21. Raf1 f6 22. h5 Nc5 23. hxg6 hxg6 24. Nf5+ gxf5 25. gxf5 Rf7 26. Rg2+ Kf8 27. Bxf7 Qxf7 28. b4 Nd3 29. Qe3 Nf4 30. Qxb6 Rd7 31. Qc5+ Qe7 32. Qxe7+ Nxe7 33. Rh2 Kg7 34. Rf3 Rd3 35. Rxd3 Nxd3 36. Kf1 Bc6 37. a5 Nf4 38. Kf2 Nc8 39. Ke3 Nd6 40. c4 Ba4 41. Rf2 Kf7 42. Rxf4 exf4+ 43. Kxf4 Bc6 44. Ke3 Ke7 45. Kd4 Nf7 46. Kc5 Bd7 47. Kb6 Bc8 48. Kc7 Bd7 49. Kb7 Kd6 50. Kxa6 Kc7 51. b5 Nd6 52. Ka7 Nc8+ 53. Ka8 Be8 54. b6+ Nxb6+ 55. axb6+ Kxb6 56. Kb8 Kc5 57. Kc7 Kd4 58. Kd6 Ke3 59. Ke7 Bc6 60. Kxf6 Kxd2 61. Ke5 Kd3 62. f6 Be8 63. c5 Kc4 64. c6 Kc5 65. c7 1-0


[Site "https://www.chess.com"]

[Event "Titled Tuesday Blitz May 2 Early 2023"]
[White "Martinez Alcantara, Jose Eduardo"]
[Black "Sethuraman, S.P."]
[WhiteFideId "3805662"]
[BlackFideId "5021596"]
[WhiteElo "2711"]
[BlackElo "2543"]
[Result "0-1"]
[Round "09"]
[TimeControl "180+2"]
[Date "2023.05.02"]
[WhiteClock "0:01:05"]
[BlackClock "0:00:19"]

1. e4 e5 2. Nf3 Nc6 3. Nc3 Nf6 4. h3 d5 5. exd5 Nxd5 6. Bb5 Nxc3 7. bxc3 Bd6 8. O-O O-O 9. d4 exd4 10. cxd4 a6 11. Bc4 Bf5 12. c3 Na5 13. Bd3 Qd7 14. c4 Nc6 15. Be3 Nb4 16. Bxf5 Qxf5 17. Qb3 Nc2 18. Rab1 Nxe3 19. Qxe3 Rfe8 20. Qc3 b6 21. Rbe1 h6 22. a4 a5 23. Rxe8+ Rxe8 24. Re1 Rxe1+ 25. Qxe1 Qc2 26. Qe8+ Kh7 27. g4 Qxc4 28. Qe4+ g6 29. Qe8 Kg7 30. Kg2 Qd5 31. h4 Qe6 32. Qxe6 fxe6 33. Nd2 b5 34. axb5 a4 35. Nc4 Bb4 36. Ne3 a3 37. Nc2 a2 38. Kf3 Bc3 39. Ke4 Kf6 40. Na1 Bxa1 41. Kf3 Bxd4 42. Ke4 e5 43. f4 exf4 44. g5+ hxg5 45. hxg5+ Kxg5 46. Kxd4 a1=Q+ 47. Kc5 Qe5+ 48. Kc6 Qd6+ 49. Kb7 f3 50. Kc8 f2 51. Kb7 f1=Q 52. Kc8 Qff8+ 53. Kb7 Qb6# 0-1


[Site "https://www.chess.com"]

[Event "Titled Tuesday Blitz May 2 Early 2023"]
[White "Xu, Yi"]
[Black "Sarana, Alexey"]
[WhiteFideId "8605564"]
[BlackFideId "24133795"]
[WhiteElo "2471"]
[BlackElo "2714"]
[Result "1-0"]
[Round "09"]
[TimeControl "180+2"]
[Date "2023.05.02"]
[WhiteClock "0:00:07"]
[BlackClock "0:00:02"]

1. e4 c5 2. Nf3 d6 3. d4 cxd4 4. Nxd4 Nf6 5. Nc3 a6 6. f3 e5 7. Nb3 Be6 8. Be3 Nbd7 9. Qd2 Be7 10. O-O-O b5 11. g4 b4 12. Na4 h6 13. Qxb4 d5 14. Bc5 dxe4 15. fxe4 Bxg4 16. Rd3 Rb8 17. Bxe7 Qxe7 18. Qxe7+ Kxe7 19. Rg3 Rb4 20. Nc3 Ra8 21. Rxg4 Rxb3 22. Rxg7 Rb4 23. b3 Rc8 24. Bc4 Rcxc4 25. bxc4 Rxc4 26. Nd5+ Nxd5 27. exd5 Rf4 28. Rh7 Rf6 29. Rg1 Nb6 30. Rd1 Nc4 31. c3 Rf2 32. Rxh6 Rxa2 33. Rd3 a5 34. d6+ Kd7 35. Rf6 e4 36. Rxf7+ Ke6 37. Re7+ Kf5 38. Rd5+ Kf4 39. Rd4 Na3 40. Rexe4+ Kf3 41. d7 Rc2+ 42. Kd1 Rxh2 43. d8=Q Rh1+ 44. Re1 1-0


[Site "https://www.chess.com"]

[Event "Titled Tuesday Blitz May 2 Early 2023"]
[White "Matlakov, Maxim"]
[Black "Bacallao Alonso, Yusnel"]
[WhiteFideId "4168003"]
[BlackFideId "3507416"]
[WhiteElo "2666"]
[BlackElo "2561"]
[Result "1-0"]
[Round "09"]
[TimeControl "180+2"]
[Date "2023.05.02"]
[WhiteClock "0:00:04"]
[BlackClock "0:00:01"]

1. e4 c6 2. d4 d5 3. e5 c5 4. Nf3 cxd4 5. Nxd4 Nc6 6. Nxc6 bxc6 7. Bd3 e6 8. Nd2 Ne7 9. O-O a5 10. Qe2 Qb6 11. c4 Ba6 12. Nf3 dxc4 13. Bxc4 Nd5 14. b3 Be7 15. Bg5 Ba3 16. Qe4 h6 17. Bd2 Be7 18. Qg4 g6 19. Rac1 Bb7 20. Bxd5 cxd5 21. Be3 Qb4 22. Nd4 h5 23. Qh3 Rc8 24. Nxe6 Rxc1 25. Rxc1 fxe6 26. Qxe6 Qg4 27. Qb6 d4 28. Qxb7 dxe3 29. fxe3 Qd7 30. Qa6 Kf7 31. Rf1+ Kg7 32. e6 Qd6 33. Rf7+ Kh6 34. Qc4 Rf8 35. Kf2 Rxf7+ 36. exf7 Kg7 37. Ke2 Qf6 38. Qd5 Qxf7 39. Qxa5 Bf6 40. Qc5 Qe6 41. h3 h4 42. Qc4 Qe5 43. a4 Qb2+ 44. Kf3 Qb1 45. Qc7+ Kh6 46. Qf4+ 1-0


[Site "https://www.chess.com"]

[Event "Titled Tuesday Blitz May 2 Early 2023"]
[White "Chigaev, Maksim"]
[Black "Zhao, Jun"]
[WhiteFideId "4108116"]
[BlackFideId "8602522"]
[WhiteElo "2547"]
[BlackElo "2547"]
[Result "1-0"]
[Round "09"]
[TimeControl "180+2"]
[Date "2023.05.02"]
[WhiteClock "0:01:56"]
[BlackClock "0:01:38"]

1. d4 Nf6 2. Bg5 d5 3. e3 e6 4. Nd2 Be7 5. c3 c5 6. Bd3 Nc6 7. f4 Qb6 8. Rb1 h6 9. Bxf6 Bxf6 10. Ngf3 Bd7 11. a3 Be7 12. b4 cxd4 13. cxd4 g5 14. b5 Na5 15. Ne5 gxf4 16. Nxf7 O-O 17. Qg4+ 1-0


[Site "https://www.chess.com"]

[Event "Titled Tuesday Blitz May 2 Early 2023"]
[White "Cherniaiev, Tykhon"]
[Black "Grigoriants, Sergey"]
[WhiteFideId "14182360"]
[BlackFideId "4130804"]
[WhiteElo "2450"]
[BlackElo "2502"]
[Result "1/2-1/2"]
[Round "09"]
[TimeControl "180+2"]
[Date "2023.05.02"]
[WhiteClock "0:00:02"]
[BlackClock "0:00:04"]

1. Nf3 d5 2. d4 Nf6 3. c4 e6 4. Nc3 dxc4 5. e4 b5 6. e5 Nd5 7. Nxb5 Nb6 8. Nc3 Nc6 9. Be2 Be7 10. O-O O-O 11. Be3 Nb4 12. Rc1 Ba6 13. b3 Qd7 14. bxc4 Nxc4 15. Bg5 Bxg5 16. Nxg5 Nb2 17. Qd2 N2d3 18. Rb1 Qxd4 19. Nf3 Qf4 20. Qxf4 Nxf4 21. Rxb4 Nxe2+ 22. Nxe2 Bxe2 23. Rc1 Bxf3 24. gxf3 Rfc8 25. Rbc4 a5 26. Rxc7 Rxc7 27. Rxc7 g5 28. a4 Rd8 29. Rc5 Rd5 30. Rc6 Rxe5 31. Kg2 Rf5 32. Rc8+ Kg7 33. Rc4 Rf4 34. Rc5 Rf5 35. Rc4 Kf6 36. Kg3 h5 37. h4 gxh4+ 38. Rxh4 Ke5 39. Rc4 Kd5 40. Rc7 Kd6 41. Ra7 Kc6 42. Ra6+ Kb7 43. Rd6 Kc7 44. Rd4 Rd5 45. Rf4 f5 46. Rh4 Kd6 47. Kg2 Kc5 48. Rxh5 Rd4 49. Rh6 Kd5 50. Rh8 Rxa4 51. Rd8+ Ke5 52. Kg3 Ra1 53. f4+ Ke4 54. Rd6 Rg1+ 55. Kh2 Rg6 56. Ra6 Kf3 57. Rxa5 Kxf2 58. Ra2+ Kf3 59. Ra4 Rh6+ 60. Kg1 Rh4 61. Ra6 Rh6 62. Ra4 Kg3 63. Rb4 Rg6 64. Ra4 Kf3+ 65. Kh2 Kf2 66. Ra2+ Ke3 67. Ra4 Kd3 68. Rb4 Ke3 69. Ra4 Kf3 70. Rb4 Kf2 71. Rb2+ Ke3 72. Rb4 Rg4 73. Rb6 Rg6 74. Rb4 Kf3 75. Ra4 1/2-1/2


[Site "https://www.chess.com"]

[Event "Titled Tuesday Blitz May 2 Early 2023"]
[White "Durarbayli, Vasif"]
[Black "Tanenbaum, Zachary"]
[WhiteFideId "13402935"]
[BlackFideId "2060850"]
[WhiteElo "2551"]
[BlackElo "2175"]
[Result "1-0"]
[Round "09"]
[TimeControl "180+2"]
[Date "2023.05.02"]
[WhiteClock "0:00:18"]
[BlackClock "0:00:06"]

1. e4 e5 2. Nc3 Nc6 3. f4 exf4 4. d4 Qh4+ 5. Ke2 d5 6. Nf3 Bg4 7. exd5 Nce7 8. Bxf4 Bxf3+ 9. Kxf3 O-O-O 10. g3 Qf6 11. Bh3+ Kb8 12. Kg2 Nxd5 13. Nxd5 Rxd5 14. Re1 Qc6 15. Kg1 Rd8 16. Bg2 Qb6 17. Kh1 Ne7 18. a4 a6 19. a5 Qxd4 20. Qf3 Nc6 21. Rad1 Qf6 22. Rxd8+ Qxd8 23. Qb3 Nxa5 24. Qxf7 Bb4 25. c3 Bd6 26. b4 Rf8 27. Qxg7 Bxf4 28. bxa5 Bd6 29. Rb1 Qe8 30. Qg4 c6 31. Qc4 Rf7 32. Qxa6 Qe1+ 33. Rxe1 bxa6 34. Bxc6 Kc7 35. Bd5 Re7 36. Rb1 Re5 37. c4 Re1+ 38. Rxe1 Bb4 39. Rf1 Bxa5 40. Rf7+ Kb6 41. Rxh7 Bb4 42. Rh6+ Ka5 43. Bb7 Ka4 44. Rxa6+ Kb3 45. Bd5 Kc3 46. Re6 Kd4 47. Kg2 Kc5 48. h4 Bc3 49. h5 Kb4 50. g4 Kb3 51. Kf3 Kc2 52. Re4 Kd3 53. Kf4 Bd2+ 54. Kf5 Kc3 55. g5 Kc2 56. g6 Bc3 57. Re2+ Kd3 58. Rg2 Bd4 59. h6 Kc3 60. g7 1-0


[Site "https://www.chess.com"]

[Event "Titled Tuesday Blitz May 2 Early 2023"]
[White "Golichenko, Ilija"]
[Black "Asis Gargatagli, Hipolito"]
[WhiteFideId "14117223"]
[BlackFideId "2260735"]
[WhiteElo "2339"]
[BlackElo "2557"]
[Result "0-1"]
[Round "09"]
[TimeControl "180+2"]
[Date "2023.05.02"]
[WhiteClock "0:00:02"]
[BlackClock "0:00:29"]

1. d4 f5 2. g3 Nf6 3. Bg2 g6 4. Nf3 Bg7 5. O-O O-O 6. c4 d6 7. b4 e5 8. dxe5 dxe5 9. Bb2 e4 10. Nd4 Qe7 11. Qb3 Nc6 12. c5+ Kh8 13. Nxc6 bxc6 14. e3 a5 15. a3 Ba6 16. Rd1 Rab8 17. Bd4 Ng4 18. Bxg7+ Qxg7 19. Nc3 Bd3 20. Ra2 h5 21. Ne2 Ne5 22. Nf4 Bc4 23. Qb2 Bxa2 24. Qxa2 axb4 25. axb4 Rfd8 26. Ra1 Ra8 27. Qxa8 Rxa8 28. Rxa8+ Kh7 29. h4 Qd7 30. Ra7 Kh6 31. Bf1 Qd2 32. Be2 Nd3 33. Nxd3 exd3 34. Bf3 Qe1+ 35. Kg2 d2 36. Rxc7 d1=Q 37. Bxd1 Qxd1 38. Re7 Qd5+ 39. Kg1 Qd1+ 40. Kh2 Qd2 41. Kg1 Qxb4 42. Re5 Qb1+ 43. Kg2 Qb5 44. f4 Qe2+ 45. Kg1 Kg7 46. Kh1 Qf2 47. Re6 Qxg3 48. Re7+ Kf6 49. Re5 Qh3+ 0-1


[Site "https://www.chess.com"]

[Event "Titled Tuesday Blitz May 2 Early 2023"]
[White "Livaic, Leon"]
[Black "Rakotomaharo, Fy Antenaina"]
[WhiteFideId "14531534"]
[BlackFideId "13100050"]
[WhiteElo "2509"]
[BlackElo "2427"]
[Result "0-1"]
[Round "09"]
[TimeControl "180+2"]
[Date "2023.05.02"]
[WhiteClock "0:00:13"]
[BlackClock "0:00:17"]

1. d4 Nf6 2. c4 e6 3. Nf3 d5 4. Nc3 dxc4 5. e4 b5 6. Nxb5 Nxe4 7. Bxc4 Bb4+ 8. Kf1 O-O 9. Bd3 f5 10. Qb3 a5 11. Bf4 Bd6 12. Nxd6 cxd6 13. Nd2 Nc6 14. d5 Nd4 15. Qa4 e5 16. Be3 Nxd2+ 17. Bxd2 Bd7 18. Qd1 e4 19. Bc4 f4 20. Bxf4 Rxf4 21. Qxd4 Qg5 22. h4 Qf5 23. g3 Rf3 24. Be2 Rxg3 25. Rg1 Qh3+ 26. Rg2 Qh1+ 0-1


[Site "https://www.chess.com"]

[Event "Titled Tuesday Blitz May 2 Early 2023"]
[White "Novik, Maxim"]
[Black "Suyarov, Mukhammadzokhid"]
[WhiteFideId "4102924"]
[BlackFideId "14210495"]
[WhiteElo "2287"]
[BlackElo "2361"]
[Result "0-1"]
[Round "09"]
[TimeControl "180+2"]
[Date "2023.05.02"]
[WhiteClock "0:00:00"]
[BlackClock "0:00:00"]

1. d4 e6 2. c4 b6 3. Qc2 Bb7 4. e4 Bb4+ 5. Bd2 Bxd2+ 6. Nxd2 d6 7. Ngf3 Ne7 8. Bd3 O-O 9. O-O c5 10. e5 h6 11. exd6 Qxd6 12. Ne4 Qc7 13. dxc5 bxc5 14. Rad1 Nd7 15. Rfe1 Rad8 16. Qc3 Nb6 17. b3 Nf5 18. Bc2 f6 19. Qa5 Rxd1 20. Rxd1 Rc8 21. h3 h5 22. Qd2 e5 23. Nxc5 Bxf3 24. Bxf5 Bxd1 25. Be6+ Kf8 26. Bxc8 Qxc5 27. Bf5 Qd4 28. Qa5 e4 29. Qxa7 Qa1 30. Qb8+ Kf7 31. Bxe4 Bf3+ 32. Kh2 Bxe4 33. Qxb6 Qe5+ 34. Kg1 Bf5 35. a4 Qa1+ 36. Kh2 Qe5+ 37. Kg1 Be4 38. Qe3 Bb7 39. Qxe5 fxe5 40. Kf1 Ke6 41. Ke2 Bxg2 42. h4 Kd6 43. f3 Kc5 44. a5 e4 45. f4 e3 46. Kxe3 g6 47. a6 Kb6 48. f5 gxf5 49. Kf4 Bh3 50. Kg5 Kxa6 51. Kxh5 f4 0-1


[Site "https://www.chess.com"]

[Event "Titled Tuesday Blitz May 2 Early 2023"]
[White "Rom, Jasper"]
[Black "Indjic, Aleksandar"]
[WhiteFideId "2023733"]
[BlackFideId "911925"]
[WhiteElo "2233"]
[BlackElo "2614"]
[Result "0-1"]
[Round "09"]
[TimeControl "180+2"]
[Date "2023.05.02"]
[WhiteClock "0:00:04"]
[BlackClock "0:01:55"]

1. e4 e5 2. Nf3 Nc6 3. Bb5 Nf6 4. d3 d6 5. O-O Bd7 6. h3 g6 7. c3 Bg7 8. Re1 O-O 9. Nbd2 a6 10. Ba4 h6 11. Nf1 Nh5 12. Bb3 Kh8 13. d4 Qe7 14. Ne3 Rae8 15. Ng4 Kh7 16. dxe5 Nxe5 17. Ngxe5 dxe5 18. Bd5 Rd8 19. Qe2 Bc8 20. Be3 Nf6 21. Rad1 Nxd5 22. exd5 e4 23. Nh2 f5 24. c4 Rfe8 25. Bd4 Bxd4 26. Rxd4 c5 27. Rdd1 f4 28. Ng4 Bf5 29. Qd2 Qd6 30. Qc3 Bxg4 31. hxg4 Re5 32. Re2 Rde8 33. Rde1 Qd7 34. f3 e3 35. Rd1 Qd6 36. Qd3 h5 37. gxh5 Rxh5 38. g4 fxg3 39. Rxe3 g2 40. Rxe8 Qh2+ 0-1


[Site "https://www.chess.com"]

[Event "Titled Tuesday Blitz May 2 Early 2023"]
[White "Paravyan, David"]
[Black "Sieciechowicz, Marcin"]
[WhiteFideId "4194985"]
[BlackFideId "1130170"]
[WhiteElo "2563"]
[BlackElo "2302"]
[Result "1-0"]
[Round "09"]
[TimeControl "180+2"]
[Date "2023.05.02"]
[WhiteClock "0:02:21"]
[BlackClock "0:01:05"]

1. e4 c5 2. Nf3 d6 3. d4 cxd4 4. Nxd4 Nf6 5. Nc3 a6 6. f3 e5 7. Nb3 Be7 8. Be3 Be6 9. Qd2 h5 10. Nd5 Nxd5 11. exd5 Bf5 12. Be2 Nd7 13. O-O h4 14. f4 e4 15. Nd4 Bh7 16. c4 Bf6 17. Rac1 Kf8 18. b4 Rc8 19. Bg4 Rc7 20. c5 dxc5 21. bxc5 Nxc5 22. d6 Qxd6 23. Ne6+ Ke7 24. Nxc7 Qxd2 25. Bxd2 Nd3 26. Nd5+ Kd6 27. Nxf6 gxf6 28. f5 1-0


[Site "https://www.chess.com"]